Canadiens vs Rangers
Created - March 14, 2018 at 19:05
Goals
|
Canadiens |
1 |
1 |
1 |
3 |
Rangers |
3 |
1 |
1 |
5 |
|
Shots
|
Canadiens |
9 |
7 |
17 |
33 |
Rangers |
13 |
13 |
6 |
32 |
|
1st period
1. Rangers , Patrice Bergeron 24 (James Neal 40, Colten Teubert 3) at 8:41
2. Rangers , Cam Barker 11 (Sean Couturier 10, Matt Read 18) at 16:15
3. Rangers , Stephen Weiss 13 (Jakob Silfverberg 32, Mike Cammalleri 14) at 18:12
4. Canadiens , Dustin Boyd 20 (David Jones 11) at 19:23
Penalties :
Joe Pavelski (Mon) for Tripping (Minor) at 11:20
2nd period
5. Rangers , Colten Teubert 2 (Stephen Weiss 17, Jakob Silfverberg 33) at 15:34
6. Canadiens , Sidney Crosby 34 (Evgeny Dadonov 15) at 15:58
Penalties :
Brett Maclean (Mon) for Hooking (Minor) at 1:34, Milan Lucic (NYR) for Hooking (Minor) at 4:44, Sean Couturier (NYR) for Hooking (Minor) at 5:31, Jakob Silfverberg (NYR) for Interference (Minor) at 11:19
3rd period
7. Canadiens , Patrick Sharp 20 (Evgeny Dadonov 16, Luke Schenn 25) at 6:05
8. Rangers , Stephen Weiss 14 (Jakob Silfverberg 34, Mike Cammalleri 15) at 17:30
Penalties :
Jason Spezza (Mon) for Tripping (Minor) at 3:41, Sidney Crosby (Mon) for Slashing (Minor) at 10:11, Stephen Weiss (NYR) for High sticking (Minor) at 11:24
Goalie Stats
Jonathan Bernier (Mon), 27 saves from 32 shots - (0.844), L, 28-22-2, 60:00 minutes
Henrik Lundqvist (NYR), 30 saves from 33 shots - (0.909), W, 24-17-2, 60:00 minutes
Players Stats for Canadiens
Player Name G A P +/- PIM S H SB GA TA FO MP PP MP PK MP
------------------------------------------------------------------------------------
Adam Pardy 0 0 0 0 0 3 0 1 0 1 0/0 12:39 0:00 2:54
Andrew Ebbett 0 0 0 -1 0 0 0 0 0 0 0/2 8:06 0:05 0:18
Brett Maclean 0 0 0 1 2 0 0 0 0 0 0/0 10:43 0:00 0:00
David Jones 0 1 1 1 0 1 1 0 0 0 0/1 13:01 0:00 1:54
Dennis Wideman 0 0 0 -2 0 3 3 1 0 1 0/0 17:25 2:24 0:00
Dustin Boyd 1 0 1 1 0 3 3 0 0 1 5/13 15:08 0:10 4:09
Evgeny Dadonov 0 2 2 -1 0 5 3 0 0 0 1/1 19:21 3:16 0:00
Greg Stewart 0 0 0 -1 0 0 2 0 1 0 1/1 16:24 2:37 1:40
Jason Spezza 0 0 0 -1 2 5 4 0 0 0 7/12 15:59 2:37 1:15
Jiri Tlusty 0 0 0 -1 0 1 2 0 0 0 0/0 7:42 0:00 0:00
Joe Pavelski 0 0 0 -1 2 2 2 0 1 1 0/0 17:11 2:37 2:43
Karl Alzner 0 0 0 -2 0 0 0 3 1 1 0/0 21:04 2:24 2:54
Ladislav Nagy 0 0 0 -1 0 0 0 0 0 1 0/1 7:42 0:00 0:00
Luke Schenn 0 1 1 0 0 1 2 0 0 2 0/0 29:55 3:34 4:16
Patrick Sharp 1 0 1 -1 0 3 1 0 0 0 0/0 21:50 3:11 2:21
Sidney Crosby 1 0 1 -1 2 3 0 1 0 1 16/36 18:53 3:21 0:00
Vitaly Vishnevsky 0 0 0 0 0 3 1 1 1 0 0/0 25:39 3:34 0:00
Wes O'Neill 0 0 0 0 0 0 1 2 0 0 0/0 13:17 0:00 4:16
Players Stats for Rangers
Player Name G A P +/- PIM S H SB GA TA FO MP PP MP PK MP
------------------------------------------------------------------------------------
Cam Barker 1 0 1 3 0 3 0 2 0 0 0/0 28:32 3:50 3:18
Colten Teubert 1 1 2 3 0 2 0 3 0 0 0/0 19:46 0:00 0:00
Darren Reid 0 0 0 -1 0 0 2 0 0 2 0/0 9:02 0:00 3:18
Jakob Silfverberg 0 3 3 2 2 1 2 0 1 0 0/0 16:09 3:31 0:04
James Neal 0 1 1 1 0 4 2 0 3 0 2/4 21:30 3:50 0:00
Mark Fistric 0 0 0 0 0 0 3 2 0 0 0/0 22:31 3:20 3:46
Matt Greene 0 0 0 0 0 2 1 2 1 0 0/0 21:09 3:20 2:40
Matt Read 0 1 1 0 0 3 1 0 0 0 0/0 14:42 3:39 0:31
Mike Cammalleri 0 2 2 2 0 0 2 0 0 0 2/3 17:23 3:39 0:48
Milan Lucic 0 0 0 1 2 6 3 1 0 0 2/2 21:15 3:31 0:05
Nathan Gerbe 0 0 0 0 0 0 0 0 0 0 0/0 9:53 0:00 0:00
Nick Foligno 0 0 0 -1 0 0 0 1 0 0 0/0 5:41 0:00 0:00
Patrice Bergeron 1 0 1 1 0 4 2 1 3 1 12/28 23:39 3:31 2:06
Patrik Nemeth 0 0 0 -1 0 1 1 1 0 1 0/0 11:52 0:00 0:00
Sean Couturier 0 1 1 0 2 1 3 1 0 0 5/8 12:45 0:00 2:10
Staffan Kronwall 0 0 0 -1 0 0 1 0 0 0 0/0 12:20 0:00 2:12
Stephen Weiss 2 1 3 2 2 4 1 1 1 0 10/16 16:54 3:38 0:27
Valtteri Filppula 0 0 0 -1 0 1 0 0 0 0 4/6 6:57 0:00 1:14
3 Stars
1 - Stephen Weiss (NYR)
2 - Colten Teubert (NYR)
3 - Cam Barker (NYR)
Power Play
Canadiens - 0 on 4 Attempt(s) - 0.00%
Rangers - 0 on 5 Attempt(s) - 0.00%
Penalty Kill
Canadiens - 5 on 5 Attempt(s) - 100.00%
- Score 0 goal in Penalty Kill
Rangers - 4 on 4 Attempt(s) - 100.00%
- Score 0 goal in Penalty Kill
Team Stat
Canadiens - Hits : 25 - Faceoff Wins : 30 - Blocked Shots : 9 - Penalty Minutes : 8
Rangers - Hits : 24 - Faceoff Wins : 37 - Blocked Shots : 15 - Penalty Minutes : 8
Official
Referees : Auger Stephane and Charron Francis
Linesman : Bryan Pancich and Mark Shewchyk
Game Notes
2:09 of 1st period - Penalty Shot by Greg Stewart for Canadiens - Stopped by Henrik Lundqvist
15:22 of 2nd period - Rangers goal is going for a video replay. After video review, No Goal. The goalkeeper has been pushed into the net together with the puck after making a save.
Finance
Level 1 -- Attendance: 4456 (74.27%) -- Ticket Income $423,320
Level 2 -- Attendance: 3982 (79.64%) -- Ticket Income $238,920
Level 3 -- Attendance: 1859 (92.95%) -- Ticket Income $65,065
Level 4 -- Attendance: 3921 (98.03%) -- Ticket Income $98,025
Luxury Box -- Attendance: 813 (81.30%) -- Ticket Income $146,340
Game was played at the Madison Square Garden.
Total Attendance: 15031 (83.51%)
Total Ticket Income: $971,670
Other Income: $145,750
Total Income: $1,117,420
Canadiens
5 vs 5 Forward
Center Left Wing Right Wing Time % Phy DF OF
1 Sidney Crosby Patrick Sharp Evgeny Dadonov 40 1 2 2
2 Jason Spezza Greg Stewart Joe Pavelski 30 1 2 2
3 Dustin Boyd Brett Maclean David Jones 20 1 2 2
4 Andrew Ebbett Ladislav Nagy Jiri Tlusty 10 1 2 2
5 vs 5 Defense
Defense Defense Time % Phy DF OF
1 Luke Schenn Vitaly Vishnevsky 40 1 2 2
2 Dennis Wideman Karl Alzner 30 1 2 2
3 Wes O'Neill Adam Pardy 20 1 2 2
4 Luke Schenn Vitaly Vishnevsky 10 1 2 2
PowerPlay Forward
Center Left Wing Right Wing Time % Phy DF OF
1 Sidney Crosby Patrick Sharp Evgeny Dadonov 60 1 2 2
2 Jason Spezza Greg Stewart Joe Pavelski 40 1 2 2
PowerPlay Defense
Defense Defense Time % Phy DF OF
1 Luke Schenn Vitaly Vishnevsky 60 1 2 2
2 Dennis Wideman Karl Alzner 40 1 2 2
Penalty Kill 4 Players Forward
Center Wing Time % Phy DF OF
1 Dustin Boyd Joe Pavelski 60 1 2 2
2 Jason Spezza David Jones 40 1 2 2
Penalty Kill 4 Players Defense
Defense Defense Time % Phy DF OF
1 Luke Schenn Wes O'Neill 60 1 2 2
2 Adam Pardy Karl Alzner 40 1 2 2
Penalty Kill - 3 Players Forward
Forward Time % Phy DF OF
1 Sidney Crosby 60 1 2 2
2 Jason Spezza 40 1 2 2
Penalty Kill - 3 Players Defense
Defense Defense Time % Phy DF OF
1 Luke Schenn Wes O'Neill 60 1 2 2
2 Adam Pardy Karl Alzner 40 1 2 2
4 vs 4 Forward
Center Wing Time % Phy DF OF
1 Sidney Crosby Patrick Sharp 60 1 2 2
2 Jason Spezza Joe Pavelski 40 1 2 2
4 vs 4 Defense
Defense Defense Time % Phy DF OF
1 Luke Schenn Vitaly Vishnevsky 60 1 2 2
2 Dennis Wideman Karl Alzner 40 1 2 2
Last Minutes Offensive
Center Left Wing Right Wing Defense Defense
Sidney Crosby Patrick Sharp Joe Pavelski Luke Schenn Dennis Wideman
Last Minutes Defensive
Center Left Wing Right Wing Defense Defense
Sidney Crosby Patrick Sharp Joe Pavelski Luke Schenn Dennis Wideman
Goaltenders
Starting : Jonathan Bernier
Backup : Mikael Tellqvist
Extra Forwards
Normal : Evgeny Dadonov, Patrick Sharp, David Jones - PP : Jason Spezza, Dustin Boyd - PK : Patrick Sharp
Extra Defensemen
Normal : Wes O'Neill, Adam Pardy, Vitaly Vishnevsky - PP : Wes O'Neill - PK : Adam Pardy, Vitaly Vishnevsky
Penalty Shots
Joe Pavelski, Jason Spezza, Sidney Crosby, Patrick Sharp, Dustin Boyd
Scratches
Marcel Goc (Healthy)
Rangers
5 vs 5 Forward
Center Left Wing Right Wing Time % Phy DF OF
1 Patrice Bergeron Milan Lucic James Neal 40 1 2 2
2 Stephen Weiss Mike Cammalleri Jakob Silfverberg 30 1 2 2
3 Sean Couturier Nathan Gerbe Matt Read 20 1 2 2
4 Valtteri Filppula Nick Foligno Darren Reid 10 1 2 2
5 vs 5 Defense
Defense Defense Time % Phy DF OF
1 Cam Barker Colten Teubert 40 1 2 2
2 Mark Fistric Matt Greene 30 1 2 2
3 Patrik Nemeth Staffan Kronwall 20 1 2 2
4 Cam Barker Patrik Nemeth 10 1 2 2
PowerPlay Forward
Center Left Wing Right Wing Time % Phy DF OF
1 Patrice Bergeron Milan Lucic Jakob Silfverberg 60 1 2 2
2 Stephen Weiss Mike Cammalleri Matt Read 40 1 2 2
PowerPlay Defense
Defense Defense Time % Phy DF OF
1 Cam Barker James Neal 60 1 2 2
2 Mark Fistric Matt Greene 40 1 2 2
Penalty Kill 4 Players Forward
Center Wing Time % Phy DF OF
1 Sean Couturier Darren Reid 60 1 2 2
2 Patrice Bergeron Matt Read 40 1 2 2
Penalty Kill 4 Players Defense
Defense Defense Time % Phy DF OF
1 Cam Barker Mark Fistric 60 1 2 2
2 Matt Greene Staffan Kronwall 40 1 2 2
Penalty Kill - 3 Players Forward
Forward Time % Phy DF OF
1 Valtteri Filppula 60 1 2 2
2 Sean Couturier 40 1 2 2
Penalty Kill - 3 Players Defense
Defense Defense Time % Phy DF OF
1 Cam Barker Mark Fistric 60 1 2 2
2 Matt Greene Staffan Kronwall 40 1 2 2
4 vs 4 Forward
Center Wing Time % Phy DF OF
1 Sean Couturier Matt Read 60 1 2 2
2 Stephen Weiss Jakob Silfverberg 40 1 2 2
4 vs 4 Defense
Defense Defense Time % Phy DF OF
1 Cam Barker Colten Teubert 60 1 2 2
2 Mark Fistric Matt Greene 40 1 2 2
Last Minutes Offensive
Center Left Wing Right Wing Defense Defense
Patrice Bergeron Milan Lucic Jakob Silfverberg Cam Barker James Neal
Last Minutes Defensive
Center Left Wing Right Wing Defense Defense
Patrice Bergeron Milan Lucic Matt Read Cam Barker Mark Fistric
Goaltenders
Starting : Henrik Lundqvist
Backup : Braden Holtby
Extra Forwards
Normal : Mike Cammalleri, Patrice Bergeron, Jakob Silfverberg - PP : Jakob Silfverberg, Matt Read - PK : Sean Couturier
Extra Defensemen
Normal : Patrik Nemeth, Colten Teubert, Mark Fistric - PP : Colten Teubert - PK : Matt Greene, Patrik Nemeth
Penalty Shots
Milan Lucic, Patrice Bergeron, Jakob Silfverberg, Nathan Gerbe, Matt Read
Scratches
Alexei Emelin (Healthy), Ryan Suter (Broken Left Thumb Injury)
% Time on Ice - Canadiens
Lines # - Real PCT - Wanted PCT - Time Play
Normal Forward
1 - 35% - 40% - 15:57
2 - 26% - 30% - 11:53
3 - 23% - 20% - 10:34
4 - 17% - 10% - 7:42
Normal Defense
1 - 40% - 40% - 18:40
2 - 34% - 30% - 15:27
3 - 20% - 20% - 9:01
4 - 6% - 10% - 2:58
PP Forward
1 - 56% - 60% - 3:21
2 - 44% - 40% - 2:37
PP Defense
1 - 60% - 60% - 3:34
2 - 40% - 40% - 2:24
PK Forward
1 - 73% - 60% - 5:16
2 - 27% - 40% - 1:54
PK Defense
1 - 60% - 60% - 4:16
2 - 40% - 40% - 2:54
PK3 Forward
1 - 0% - 60%
2 - 0% - 40%
PK3 Defense
1 - 0% - 60%
2 - 0% - 40%
44 Forward
1 - 100% - 60% - 0:46
2 - 0% - 40% - 0:00
44 Defense
1 - 59% - 60% - 0:27
2 - 41% - 40% - 0:19
Last Minute Offensive - 0:00
Last Minute Defensive - 0:00
Total
Forward - 60:00
Defense - 60:00
|
% Time on Ice - Rangers
Lines # - Real PCT - Wanted PCT - Time Play
Normal Forward
1 - 39% - 40% - 17:45
2 - 28% - 30% - 12:47
3 - 21% - 20% - 9:53
4 - 12% - 10% - 5:41
Normal Defense
1 - 42% - 40% - 19:09
2 - 33% - 30% - 15:05
3 - 22% - 20% - 10:08
4 - 4% - 10% - 1:44
PP Forward
1 - 49% - 60% - 3:31
2 - 51% - 40% - 3:39
PP Defense
1 - 53% - 60% - 3:50
2 - 47% - 40% - 3:20
PK Forward
1 - 87% - 60% - 4:10
2 - 13% - 40% - 0:36
PK Defense
1 - 60% - 60% - 2:52
2 - 40% - 40% - 1:54
PK3 Forward
1 - 61% - 60% - 0:44
2 - 39% - 40% - 0:28
PK3 Defense
1 - 36% - 60% - 0:26
2 - 64% - 40% - 0:46
44 Forward
1 - 100% - 60% - 0:46
2 - 0% - 40% - 0:00
44 Defense
1 - 91% - 60% - 0:42
2 - 9% - 40% - 0:04
Last Minute Offensive - 0:00
Last Minute Defensive - 0:00
Total
Forward - 60:00
Defense - 60:00
|
Play by Play
1st period
0:01 of 1st period - James Neal wins face-off versus Sidney Crosby in neutral zone.
0:55 of 1st period - Icing by Greg Stewart.
0:56 of 1st period - Sean Couturier wins face-off versus Dustin Boyd in Canadiens zone.
1:03 of 1st period - Slapshot by Matt Read.
1:03 of 1st period - Shot Misses the Net.
1:05 of 1st period - Snap shot by Matt Greene.
1:05 of 1st period - Stopped by Jonathan Bernier without a rebound.
1:06 of 1st period - Valtteri Filppula wins face-off versus Andrew Ebbett in Canadiens zone.
1:35 of 1st period - Snap shot by Milan Lucic.
1:35 of 1st period - Shot Blocked by Wes O'Neill.
1:55 of 1st period - Snap shot by Matt Read.
1:55 of 1st period - Stopped by Jonathan Bernier with a rebound.
1:57 of 1st period - Snap shot by Matt Read.
1:57 of 1st period - Shot Blocked by Adam Pardy.
2:03 of 1st period - Snap shot by Nathan Gerbe.
2:03 of 1st period - Shot Misses the Net.
2:09 of 1st period - Penalty Shot by Greg Stewart for Canadiens.
2:09 of 1st period - Snap shot by Greg Stewart.
2:09 of 1st period - Stopped by Henrik Lundqvist.
2:10 of 1st period - Dustin Boyd wins face-off versus Stephen Weiss in Canadiens zone.
3:54 of 1st period - Mike Cammalleri is hit by David Jones.
4:25 of 1st period - Slapshot by Stephen Weiss.
4:25 of 1st period - Deflect By Joe Pavelski.
4:25 of 1st period - Shot Misses the Net.
4:25 of 1st period - Puck is out of play.
4:26 of 1st period - Patrice Bergeron wins face-off versus Sidney Crosby in Canadiens zone.
5:00 of 1st period - Wrist shot by Sean Couturier.
5:00 of 1st period - Deflect By Matt Read.
5:00 of 1st period - Stopped by Jonathan Bernier with a rebound.
5:16 of 1st period - Slapshot by Cam Barker.
5:16 of 1st period - Stopped by Jonathan Bernier without a rebound.
5:17 of 1st period - Patrice Bergeron wins face-off versus Jason Spezza in Canadiens zone.
5:22 of 1st period - Wrist shot by Milan Lucic.
5:22 of 1st period - Shot Misses the Net.
5:52 of 1st period - Slapshot by Evgeny Dadonov.
5:52 of 1st period - Stopped by Henrik Lundqvist with a rebound.
5:54 of 1st period - Snap shot by Evgeny Dadonov.
5:54 of 1st period - Stopped by Henrik Lundqvist with a rebound.
6:08 of 1st period - Wrist shot by Matt Read.
6:08 of 1st period - Shot Blocked by Karl Alzner.
6:10 of 1st period - Snap shot by Sean Couturier.
6:10 of 1st period - Shot Misses the Net.
6:12 of 1st period - Wrist shot by Sean Couturier.
6:12 of 1st period - Stopped by Jonathan Bernier with a rebound.
6:48 of 1st period - Karl Alzner is hit by Darren Reid.
6:55 of 1st period - Icing by Cam Barker.
6:56 of 1st period - Valtteri Filppula wins face-off versus Sidney Crosby in Rangers zone.
7:00 of 1st period - Off-side.
7:01 of 1st period - Sidney Crosby wins face-off versus Patrice Bergeron in neutral zone.
7:10 of 1st period - Wrist shot by Milan Lucic.
7:10 of 1st period - Stopped by Jonathan Bernier with a rebound.
7:32 of 1st period - Snap shot by Greg Stewart.
7:32 of 1st period - Shot Blocked by Cam Barker.
7:48 of 1st period - Slapshot by Andrew Ebbett.
7:48 of 1st period - Shot Misses the Net.
7:50 of 1st period - Slapshot by Adam Pardy.
7:50 of 1st period - Shot Misses the Net.
7:52 of 1st period - Snap shot by Adam Pardy.
7:52 of 1st period - Stopped by Henrik Lundqvist with a rebound.
7:54 of 1st period - Snap shot by Wes O'Neill.
7:54 of 1st period - Shot Misses the Net.
7:56 of 1st period - Wrist shot by Ladislav Nagy.
7:56 of 1st period - Shot Misses the Net.
8:35 of 1st period - Snap shot by Milan Lucic.
8:35 of 1st period - Stopped by Jonathan Bernier with a rebound.
8:37 of 1st period - Snap shot by Colten Teubert.
8:37 of 1st period - Shot Blocked by Dennis Wideman.
8:39 of 1st period - Wrist shot by James Neal.
8:39 of 1st period - Shot Misses the Net.
8:41 of 1st period - Snap shot by Patrice Bergeron.
8:41 of 1st period - Goal by Patrice Bergeron - Canadiens : 0 - Rangers : 1.
8:42 of 1st period - Sidney Crosby wins face-off versus Patrice Bergeron in neutral zone.
8:47 of 1st period - Snap shot by Patrick Sharp.
8:47 of 1st period - Shot Blocked by Matt Greene.
8:59 of 1st period - Slapshot by Patrice Bergeron.
8:59 of 1st period - Shot Blocked by Sidney Crosby.
9:09 of 1st period - Matt Greene is hit by Greg Stewart and loses puck.
9:38 of 1st period - Wrist shot by Matt Read.
9:38 of 1st period - Deflect By Luke Schenn.
9:38 of 1st period - Shot Misses the Net.
9:38 of 1st period - Puck is out of play.
9:39 of 1st period - Sidney Crosby wins face-off versus Patrice Bergeron in Canadiens zone.
9:39 of 1st period - Sidney Crosby is hit by Milan Lucic.
10:17 of 1st period - Snap shot by Jason Spezza.
10:17 of 1st period - Stopped by Henrik Lundqvist without a rebound.
10:18 of 1st period - Sean Couturier wins face-off versus Sidney Crosby in Rangers zone.
10:25 of 1st period - Slapshot by Cam Barker.
10:25 of 1st period - Shot Hit the Post.
10:56 of 1st period - Slapshot by Dustin Boyd.
10:56 of 1st period - Deflect By David Jones.
10:56 of 1st period - Shot Blocked by Sean Couturier.
10:56 of 1st period - Puck is out of play.
10:57 of 1st period - Jason Spezza wins face-off versus Patrice Bergeron in Rangers zone.
10:58 of 1st period - Wrist shot by Greg Stewart.
10:58 of 1st period - Shot Blocked by Milan Lucic.
11:20 of 1st period - Minor Penalty to Joe Pavelski for Tripping.
11:21 of 1st period - Patrice Bergeron wins face-off versus Dustin Boyd in Canadiens zone.
12:05 of 1st period - Backhand shot by Patrice Bergeron.
12:05 of 1st period - Stopped by Jonathan Bernier without a rebound.
12:06 of 1st period - Mike Cammalleri wins face-off versus Dustin Boyd in Canadiens zone.
12:07 of 1st period - Wrist shot by Stephen Weiss.
12:07 of 1st period - Shot Misses the Net.
12:21 of 1st period - Slapshot by Stephen Weiss.
12:21 of 1st period - Deflect By Mike Cammalleri.
12:21 of 1st period - Shot Misses the Net.
12:21 of 1st period - Puck is out of play.
12:22 of 1st period - Stephen Weiss wins face-off versus Dustin Boyd in Canadiens zone.
12:31 of 1st period - Slapshot by Matt Read.
12:31 of 1st period - Stopped by Jonathan Bernier with a rebound.
12:49 of 1st period - Cam Barker is hit by Jason Spezza and loses puck.
13:20 of 1st period - Penalty to Joe Pavelski is over, Joe Pavelski is back on ice.
13:28 of 1st period - Snap shot by Patrick Sharp.
13:28 of 1st period - Deflect By Mark Fistric.
13:28 of 1st period - Shot Misses the Net.
13:28 of 1st period - Puck is out of play.
13:29 of 1st period - Jason Spezza wins face-off versus Valtteri Filppula in Rangers zone.
13:48 of 1st period - Slapshot by Darren Reid.
13:48 of 1st period - Shot Misses the Net.
15:18 of 1st period - Wrist shot by Joe Pavelski.
15:18 of 1st period - Stopped by Henrik Lundqvist with a rebound.
15:20 of 1st period - Snap shot by Andrew Ebbett.
15:20 of 1st period - Shot Misses the Net.
15:22 of 1st period - Slapshot by Adam Pardy.
15:22 of 1st period - Stopped by Henrik Lundqvist without a rebound.
15:23 of 1st period - Stephen Weiss wins face-off versus Andrew Ebbett in Rangers zone.
15:32 of 1st period - Wrist shot by Jakob Silfverberg.
15:32 of 1st period - Shot Hit the Post.
15:34 of 1st period - Wrist shot by Jakob Silfverberg.
15:34 of 1st period - Shot Misses the Net.
15:36 of 1st period - Slapshot by Colten Teubert.
15:36 of 1st period - Stopped by Jonathan Bernier without a rebound.
15:37 of 1st period - Sidney Crosby wins face-off versus James Neal in Canadiens zone.
16:13 of 1st period - Snap shot by Sean Couturier.
16:13 of 1st period - Shot Misses the Net.
16:15 of 1st period - Backhand shot by Cam Barker.
16:15 of 1st period - Deflect By Sidney Crosby.
16:15 of 1st period - Goal by Cam Barker - Canadiens : 0 - Rangers : 2.
16:16 of 1st period - Jason Spezza wins face-off versus Patrice Bergeron in neutral zone.
16:47 of 1st period - Snap shot by Vitaly Vishnevsky.
16:47 of 1st period - Shot Misses the Net.
16:49 of 1st period - Backhand shot by Vitaly Vishnevsky.
16:49 of 1st period - Stopped by Henrik Lundqvist without a rebound.
16:50 of 1st period - Sidney Crosby wins face-off versus Stephen Weiss in Rangers zone.
17:15 of 1st period - Patrick Sharp is hit by Sean Couturier and loses puck.
17:44 of 1st period - Milan Lucic is hit by Dennis Wideman.
17:56 of 1st period - Patrice Bergeron is hit by Dustin Boyd and loses puck.
18:07 of 1st period - Jason Spezza is hit by Jakob Silfverberg and loses puck.
18:12 of 1st period - Slapshot by Jakob Silfverberg.
18:12 of 1st period - Deflect By Stephen Weiss.
18:12 of 1st period - Goal by Stephen Weiss - Canadiens : 0 - Rangers : 3.
18:13 of 1st period - Jason Spezza wins face-off versus Patrice Bergeron in neutral zone.
18:26 of 1st period - Snap shot by Jason Spezza.
18:26 of 1st period - Stopped by Henrik Lundqvist without a rebound.
18:27 of 1st period - James Neal wins face-off versus Sidney Crosby in Rangers zone.
18:53 of 1st period - Joe Pavelski is hit by Jakob Silfverberg and loses puck.
19:23 of 1st period - Snap shot by Dustin Boyd.
19:23 of 1st period - Goal by Dustin Boyd - Canadiens : 1 - Rangers : 3.
19:24 of 1st period - Sidney Crosby wins face-off versus Patrice Bergeron in neutral zone.
Goals for this period are 1 for Canadiens vs 3 for Rangers.
Shots for this period are 9 for Canadiens vs 13 for Rangers.
2nd period
0:01 of 2nd period - Sidney Crosby wins face-off versus Patrice Bergeron in neutral zone.
0:13 of 2nd period - Icing by Milan Lucic.
0:14 of 2nd period - Milan Lucic wins face-off versus Sidney Crosby in Rangers zone.
0:23 of 2nd period - Snap shot by James Neal.
0:23 of 2nd period - Shot Misses the Net.
0:25 of 2nd period - Wrist shot by Patrice Bergeron.
0:25 of 2nd period - Deflect By Milan Lucic.
0:25 of 2nd period - Stopped by Jonathan Bernier with a rebound.
0:27 of 2nd period - Snap shot by Patrik Nemeth.
0:27 of 2nd period - Stopped by Jonathan Bernier with a rebound.
0:29 of 2nd period - Slapshot by Cam Barker.
0:29 of 2nd period - Stopped by Jonathan Bernier with a rebound.
0:31 of 2nd period - Wrist shot by Patrice Bergeron.
0:31 of 2nd period - Stopped by Jonathan Bernier without a rebound.
0:32 of 2nd period - Stephen Weiss wins face-off versus Jason Spezza in Canadiens zone.
1:09 of 2nd period - Wrist shot by James Neal.
1:09 of 2nd period - Stopped by Jonathan Bernier with a rebound.
1:34 of 2nd period - Minor Penalty to Brett Maclean for Hooking.
1:35 of 2nd period - Patrice Bergeron wins face-off versus Dustin Boyd in Canadiens zone.
3:34 of 2nd period - Penalty to Brett Maclean is over, Brett Maclean is back on ice.
3:34 of 2nd period - Stephen Weiss is hit by Jason Spezza and loses puck.
3:54 of 2nd period - Off-side.
3:55 of 2nd period - Valtteri Filppula wins face-off versus Sidney Crosby in neutral zone.
4:31 of 2nd period - Icing by Staffan Kronwall.
4:32 of 2nd period - Greg Stewart wins face-off versus Patrice Bergeron in Rangers zone.
4:35 of 2nd period - Snap shot by Jason Spezza.
4:35 of 2nd period - Stopped by Henrik Lundqvist with a rebound.
4:41 of 2nd period - Wrist shot by Greg Stewart.
4:41 of 2nd period - Deflect By Joe Pavelski.
4:41 of 2nd period - Shot Misses the Net.
4:41 of 2nd period - Puck is out of play.
4:42 of 2nd period - Patrice Bergeron wins face-off versus Jason Spezza in Rangers zone.
4:44 of 2nd period - Minor Penalty to Milan Lucic for Hooking.
4:45 of 2nd period - Sean Couturier wins face-off versus Sidney Crosby in Rangers zone.
5:31 of 2nd period - Minor Penalty to Sean Couturier for Hooking.
5:32 of 2nd period - Valtteri Filppula wins face-off versus Sidney Crosby in Rangers zone.
6:11 of 2nd period - Snap shot by Jason Spezza.
6:11 of 2nd period - Shot Misses the Net.
6:39 of 2nd period - Greg Stewart is hit by Matt Greene and loses puck.
6:44 of 2nd period - Penalty to Milan Lucic is over, Milan Lucic is back on ice.
7:31 of 2nd period - Penalty to Sean Couturier is over, Sean Couturier is back on ice.
7:47 of 2nd period - David Jones is hit by Matt Read and loses puck.
8:56 of 2nd period - Luke Schenn is hit by James Neal and loses puck.
9:26 of 2nd period - Andrew Ebbett is hit by Darren Reid and loses puck.
9:39 of 2nd period - Sidney Crosby is hit by Patrice Bergeron and loses puck.
10:22 of 2nd period - Snap shot by Greg Stewart.
10:22 of 2nd period - Shot Blocked by Colten Teubert.
10:44 of 2nd period - Patrik Nemeth is hit by Jiri Tlusty.
11:06 of 2nd period - Wrist shot by Milan Lucic.
11:06 of 2nd period - Shot Misses the Net.
11:16 of 2nd period - Snap shot by Jiri Tlusty.
11:16 of 2nd period - Stopped by Henrik Lundqvist without a rebound.
11:17 of 2nd period - Stephen Weiss wins face-off versus Sidney Crosby in Rangers zone.
11:19 of 2nd period - Minor Penalty to Jakob Silfverberg for Interference.
11:20 of 2nd period - Sidney Crosby wins face-off versus Sean Couturier in Rangers zone.
11:28 of 2nd period - Snap shot by Sidney Crosby.
11:28 of 2nd period - Shot Misses the Net.
11:30 of 2nd period - Snap shot by Evgeny Dadonov.
11:30 of 2nd period - Stopped by Henrik Lundqvist without a rebound.
11:31 of 2nd period - Sean Couturier wins face-off versus Sidney Crosby in Rangers zone.
12:06 of 2nd period - Cam Barker is hit by Joe Pavelski and loses puck.
12:37 of 2nd period - Evgeny Dadonov is hit by Sean Couturier.
13:03 of 2nd period - Patrick Sharp is hit by Mark Fistric and loses puck.
13:19 of 2nd period - Penalty to Jakob Silfverberg is over, Jakob Silfverberg is back on ice.
13:27 of 2nd period - Patrik Nemeth is hit by Vitaly Vishnevsky and loses puck.
14:11 of 2nd period - Greg Stewart is hit by Sean Couturier and loses puck.
14:24 of 2nd period - David Jones is hit by James Neal.
14:28 of 2nd period - Snap shot by James Neal.
14:28 of 2nd period - Stopped by Jonathan Bernier without a rebound.
14:29 of 2nd period - Milan Lucic wins face-off versus Jason Spezza in Canadiens zone.
14:32 of 2nd period - Snap shot by Milan Lucic.
14:32 of 2nd period - Stopped by Jonathan Bernier with a rebound.
14:53 of 2nd period - James Neal is hit by Luke Schenn and loses puck.
15:16 of 2nd period - Snap shot by Milan Lucic.
15:16 of 2nd period - Shot Misses the Net.
15:18 of 2nd period - Slapshot by Patrik Nemeth.
15:18 of 2nd period - Deflect By James Neal.
15:18 of 2nd period - Stopped by Jonathan Bernier with a rebound.
15:20 of 2nd period - Wrist shot by Milan Lucic.
15:20 of 2nd period - Shot Blocked by Vitaly Vishnevsky.
15:22 of 2nd period - Wrist shot by Patrice Bergeron.
15:22 of 2nd period - Rangers goal is going for a video replay.
15:22 of 2nd period - The goal is refused. The goalkeeper has been pushed into the net together with the puck after making a save..
15:23 of 2nd period - Sidney Crosby wins face-off versus Stephen Weiss in Canadiens zone.
15:30 of 2nd period - Snap shot by Stephen Weiss.
15:30 of 2nd period - Shot Blocked by Karl Alzner.
15:32 of 2nd period - Slapshot by Colten Teubert.
15:32 of 2nd period - Shot Misses the Net.
15:34 of 2nd period - Slapshot by Colten Teubert.
15:34 of 2nd period - Goal by Colten Teubert - Canadiens : 1 - Rangers : 4.
15:35 of 2nd period - Sidney Crosby wins face-off versus Stephen Weiss in neutral zone.
15:38 of 2nd period - Wrist shot by Sidney Crosby.
15:38 of 2nd period - Stopped by Henrik Lundqvist with a rebound.
15:40 of 2nd period - Slapshot by Patrick Sharp.
15:40 of 2nd period - Deflect By Cam Barker.
15:40 of 2nd period - Shot Blocked by Colten Teubert.
15:40 of 2nd period - Puck is out of play.
15:41 of 2nd period - Stephen Weiss wins face-off versus Sidney Crosby in Rangers zone.
15:56 of 2nd period - Slapshot by Sidney Crosby.
15:56 of 2nd period - Shot Misses the Net.
15:58 of 2nd period - Slapshot by Sidney Crosby.
15:58 of 2nd period - Goal by Sidney Crosby - Canadiens : 2 - Rangers : 4.
15:59 of 2nd period - Patrice Bergeron wins face-off versus Sidney Crosby in neutral zone.
16:04 of 2nd period - Snap shot by James Neal.
16:04 of 2nd period - Stopped by Jonathan Bernier without a rebound.
16:05 of 2nd period - Patrice Bergeron wins face-off versus Sidney Crosby in Canadiens zone.
16:54 of 2nd period - Slapshot by Dennis Wideman.
16:54 of 2nd period - Shot Blocked by Matt Greene.
16:56 of 2nd period - Slapshot by Dennis Wideman.
16:56 of 2nd period - Shot Misses the Net.
16:58 of 2nd period - Slapshot by Dennis Wideman.
16:58 of 2nd period - Deflect By Mark Fistric.
16:58 of 2nd period - Stopped by Henrik Lundqvist without a rebound.
16:59 of 2nd period - Jason Spezza wins face-off versus Patrice Bergeron in Rangers zone.
17:18 of 2nd period - Icing by Milan Lucic.
17:19 of 2nd period - Patrice Bergeron wins face-off versus David Jones in Rangers zone.
17:46 of 2nd period - Patrice Bergeron is hit by Evgeny Dadonov.
18:14 of 2nd period - Jiri Tlusty is hit by Mark Fistric and loses puck.
19:01 of 2nd period - Wrist shot by Milan Lucic.
19:01 of 2nd period - Stopped by Jonathan Bernier with a rebound.
19:03 of 2nd period - Slapshot by James Neal.
19:03 of 2nd period - Shot Misses the Net.
19:05 of 2nd period - Slapshot by Mark Fistric.
19:05 of 2nd period - Shot Misses the Net.
19:07 of 2nd period - Slapshot by Matt Greene.
19:07 of 2nd period - Deflect By Milan Lucic.
19:07 of 2nd period - Stopped by Jonathan Bernier without a rebound.
19:08 of 2nd period - Stephen Weiss wins face-off versus Sidney Crosby in Canadiens zone.
19:21 of 2nd period - Snap shot by Patrick Sharp.
19:21 of 2nd period - Stopped by Henrik Lundqvist without a rebound.
19:22 of 2nd period - Stephen Weiss wins face-off versus Sidney Crosby in Rangers zone.
19:29 of 2nd period - Dennis Wideman is hit by Mike Cammalleri and loses puck.
19:33 of 2nd period - Icing by Evgeny Dadonov.
19:34 of 2nd period - Sidney Crosby wins face-off versus Mike Cammalleri in Canadiens zone.
19:59 of 2nd period - Matt Read is hit by Evgeny Dadonov and loses puck.
Goals for this period are 1 for Canadiens vs 1 for Rangers.
Shots for this period are 7 for Canadiens vs 13 for Rangers.
3rd period
0:01 of 3rd period - Stephen Weiss wins face-off versus Sidney Crosby in neutral zone.
0:10 of 3rd period - Snap shot by Jakob Silfverberg.
0:10 of 3rd period - Stopped by Jonathan Bernier without a rebound.
0:11 of 3rd period - Sidney Crosby wins face-off versus Patrice Bergeron in Canadiens zone.
0:18 of 3rd period - Snap shot by Evgeny Dadonov.
0:18 of 3rd period - Deflect By Patrick Sharp.
0:18 of 3rd period - Stopped by Henrik Lundqvist without a rebound.
0:19 of 3rd period - Sidney Crosby wins face-off versus Patrice Bergeron in Rangers zone.
0:24 of 3rd period - Snap shot by Evgeny Dadonov.
0:24 of 3rd period - Deflect By Cam Barker.
0:24 of 3rd period - Shot Misses the Net.
0:24 of 3rd period - Puck is out of play.
0:25 of 3rd period - Jason Spezza wins face-off versus Stephen Weiss in Rangers zone.
0:26 of 3rd period - Snap shot by Joe Pavelski.
0:26 of 3rd period - Shot Blocked by Stephen Weiss.
0:28 of 3rd period - Slapshot by Joe Pavelski.
0:28 of 3rd period - Stopped by Henrik Lundqvist with a rebound.
0:30 of 3rd period - Slapshot by Vitaly Vishnevsky.
0:30 of 3rd period - Stopped by Henrik Lundqvist without a rebound.
0:31 of 3rd period - Jason Spezza wins face-off versus Stephen Weiss in Rangers zone.
1:37 of 3rd period - Snap shot by Jason Spezza.
1:37 of 3rd period - Stopped by Henrik Lundqvist with a rebound.
1:47 of 3rd period - Slapshot by Jason Spezza.
1:47 of 3rd period - Stopped by Henrik Lundqvist without a rebound.
1:48 of 3rd period - Sidney Crosby wins face-off versus Patrice Bergeron in Rangers zone.
2:03 of 3rd period - Wrist shot by Patrice Bergeron.
2:03 of 3rd period - Shot Misses the Net.
2:05 of 3rd period - Snap shot by Matt Greene.
2:05 of 3rd period - Stopped by Jonathan Bernier with a rebound.
2:17 of 3rd period - Stephen Weiss is hit by Dennis Wideman and loses puck.
2:23 of 3rd period - Off-side.
2:24 of 3rd period - Patrice Bergeron wins face-off versus Dustin Boyd in neutral zone.
2:51 of 3rd period - Patrik Nemeth is hit by Wes O'Neill.
2:55 of 3rd period - Wrist shot by Sidney Crosby.
2:55 of 3rd period - Stopped by Henrik Lundqvist without a rebound.
2:56 of 3rd period - Stephen Weiss wins face-off versus Sidney Crosby in Rangers zone.
2:56 of 3rd period - Stephen Weiss is hit by Evgeny Dadonov.
3:04 of 3rd period - Wrist shot by Stephen Weiss.
3:04 of 3rd period - Shot Misses the Net.
3:12 of 3rd period - Snap shot by Sidney Crosby.
3:12 of 3rd period - Shot Misses the Net.
3:14 of 3rd period - Snap shot by Patrick Sharp.
3:14 of 3rd period - Shot Blocked by Colten Teubert.
3:16 of 3rd period - Wrist shot by Patrick Sharp.
3:16 of 3rd period - Shot Misses the Net.
3:18 of 3rd period - Slapshot by Dennis Wideman.
3:18 of 3rd period - Stopped by Henrik Lundqvist without a rebound.
3:19 of 3rd period - Patrice Bergeron wins face-off versus Jason Spezza in Rangers zone.
3:28 of 3rd period - Vitaly Vishnevsky is hit by Mark Fistric and loses puck.
3:41 of 3rd period - Minor Penalty to Jason Spezza for Tripping.
3:42 of 3rd period - Dustin Boyd wins face-off versus Patrice Bergeron in Canadiens zone.
3:57 of 3rd period - Wrist shot by Milan Lucic.
3:57 of 3rd period - Shot Misses the Net.
5:07 of 3rd period - Patrice Bergeron is hit by Luke Schenn and loses puck.
5:28 of 3rd period - Cam Barker is hit by Patrick Sharp.
5:41 of 3rd period - Penalty to Jason Spezza is over, Jason Spezza is back on ice.
5:46 of 3rd period - Adam Pardy is hit by Mike Cammalleri and loses puck.
5:55 of 3rd period - Slapshot by Adam Pardy.
5:55 of 3rd period - Stopped by Henrik Lundqvist without a rebound.
5:56 of 3rd period - Sidney Crosby wins face-off versus Valtteri Filppula in Rangers zone.
5:59 of 3rd period - Snap shot by Evgeny Dadonov.
5:59 of 3rd period - Stopped by Henrik Lundqvist with a rebound.
6:01 of 3rd period - Slapshot by Luke Schenn.
6:01 of 3rd period - Shot Blocked by Nick Foligno.
6:03 of 3rd period - Wrist shot by Evgeny Dadonov.
6:03 of 3rd period - Stopped by Henrik Lundqvist with a rebound.
6:05 of 3rd period - Slapshot by Patrick Sharp.
6:05 of 3rd period - Goal by Patrick Sharp - Canadiens : 3 - Rangers : 4.
6:06 of 3rd period - Patrice Bergeron wins face-off versus Sidney Crosby in neutral zone.
7:02 of 3rd period - Wrist shot by David Jones.
7:02 of 3rd period - Stopped by Henrik Lundqvist without a rebound.
7:03 of 3rd period - Sidney Crosby wins face-off versus James Neal in Rangers zone.
7:12 of 3rd period - Snap shot by Patrick Sharp.
7:12 of 3rd period - Shot Blocked by Patrik Nemeth.
7:20 of 3rd period - Snap shot by Milan Lucic.
7:20 of 3rd period - Shot Blocked by Karl Alzner.
7:30 of 3rd period - Patrik Nemeth is hit by Jason Spezza and loses puck.
7:39 of 3rd period - Wrist shot by Cam Barker.
7:39 of 3rd period - Shot Misses the Net.
8:35 of 3rd period - Patrick Sharp is hit by Milan Lucic and loses puck.
8:56 of 3rd period - Joe Pavelski is hit by Staffan Kronwall and loses puck.
10:11 of 3rd period - Minor Penalty to Sidney Crosby for Slashing.
10:12 of 3rd period - Dustin Boyd wins face-off versus Patrice Bergeron in Canadiens zone.
10:22 of 3rd period - Luke Schenn is hit by Milan Lucic and loses puck.
10:27 of 3rd period - Snap shot by Milan Lucic.
10:27 of 3rd period - Shot Misses the Net.
10:29 of 3rd period - Slapshot by Cam Barker.
10:29 of 3rd period - Shot Blocked by Wes O'Neill.
10:39 of 3rd period - Dustin Boyd is hit by Stephen Weiss and loses puck.
11:00 of 3rd period - Mike Cammalleri is hit by Jason Spezza and loses puck.
11:13 of 3rd period - Mark Fistric is hit by Joe Pavelski and loses puck.
11:24 of 3rd period - Minor Penalty to Stephen Weiss for High sticking.
11:25 of 3rd period - Evgeny Dadonov wins face-off versus Sean Couturier in Rangers zone.
11:36 of 3rd period - Slapshot by Evgeny Dadonov.
11:36 of 3rd period - Shot Blocked by Cam Barker.
11:38 of 3rd period - Wrist shot by Evgeny Dadonov.
11:38 of 3rd period - Shot Misses the Net.
11:40 of 3rd period - Snap shot by Evgeny Dadonov.
11:40 of 3rd period - Shot Misses the Net.
11:50 of 3rd period - Vitaly Vishnevsky is hit by Patrice Bergeron and loses puck.
12:11 of 3rd period - Penalty to Sidney Crosby is over, Sidney Crosby is back on ice.
13:24 of 3rd period - Penalty to Stephen Weiss is over, Stephen Weiss is back on ice.
13:35 of 3rd period - James Neal is hit by Dennis Wideman and loses puck.
13:52 of 3rd period - Adam Pardy is hit by Patrik Nemeth and loses puck.
14:41 of 3rd period - Jakob Silfverberg is hit by Dustin Boyd and loses puck.
14:55 of 3rd period - Off-side.
14:56 of 3rd period - Patrice Bergeron wins face-off versus Ladislav Nagy in neutral zone.
15:19 of 3rd period - Slapshot by Dustin Boyd.
15:19 of 3rd period - Stopped by Henrik Lundqvist with a rebound.
15:43 of 3rd period - Snap shot by Valtteri Filppula.
15:43 of 3rd period - Stopped by Jonathan Bernier without a rebound.
15:44 of 3rd period - Stephen Weiss wins face-off versus Dustin Boyd in Canadiens zone.
15:53 of 3rd period - Snap shot by Stephen Weiss.
15:53 of 3rd period - Stopped by Jonathan Bernier without a rebound.
15:54 of 3rd period - Mike Cammalleri wins face-off versus Dustin Boyd in Canadiens zone.
16:13 of 3rd period - Wrist shot by Stephen Weiss.
16:13 of 3rd period - Stopped by Jonathan Bernier without a rebound.
16:14 of 3rd period - Sean Couturier wins face-off versus Sidney Crosby in Canadiens zone.
16:39 of 3rd period - Matt Greene is hit by Dustin Boyd and loses puck.
17:30 of 3rd period - Snap shot by Stephen Weiss.
17:30 of 3rd period - Goal by Stephen Weiss - Canadiens : 3 - Rangers : 5.
17:31 of 3rd period - Dustin Boyd wins face-off versus Sean Couturier in neutral zone.
19:09 of 3rd period - Cam Barker is hit by Jiri Tlusty and loses puck.
19:30 of 3rd period - Snap shot by David Jones.
19:30 of 3rd period - Shot Misses the Net.
19:32 of 3rd period - Slapshot by Dennis Wideman.
19:32 of 3rd period - Stopped by Henrik Lundqvist without a rebound.
19:33 of 3rd period - Dustin Boyd wins face-off versus Patrice Bergeron in Rangers zone.
19:34 of 3rd period - Snap shot by David Jones.
19:34 of 3rd period - Shot Blocked by Mark Fistric.
19:36 of 3rd period - Wrist shot by Vitaly Vishnevsky.
19:36 of 3rd period - Stopped by Henrik Lundqvist with a rebound.
19:38 of 3rd period - Slapshot by Luke Schenn.
19:38 of 3rd period - Shot Hit the Post.
19:40 of 3rd period - Snap shot by Luke Schenn.
19:40 of 3rd period - Stopped by Henrik Lundqvist with a rebound.
19:42 of 3rd period - Slapshot by Dustin Boyd.
19:42 of 3rd period - Stopped by Henrik Lundqvist with a rebound.
19:44 of 3rd period - Slapshot by Vitaly Vishnevsky.
19:44 of 3rd period - Shot Blocked by Mark Fistric.
19:46 of 3rd period - Slapshot by Vitaly Vishnevsky.
19:46 of 3rd period - Shot Blocked by Patrice Bergeron.
19:58 of 3rd period - James Neal is hit by Greg Stewart and loses puck.
Goals for this period are 1 for Canadiens vs 1 for Rangers.
Shots for this period are 17 for Canadiens vs 6 for Rangers.
Back to the Top